 Dungeon Crawl Stone Soup version 0.29.0-4-gdea44cf6ec (webtiles) character file.

Game seed: 11440862919395073897

6663 qw the Cleaver (level 11, -7/87 HPs)
             Began as a Formicid Cinder Acolyte on Sept 3, 2022.
             Was an Initiate of Ignis.
             Killed from afar by an oklob plant (14 damage)
             ... with a splash of acid
             ... on level 8 of the Dungeon.
             The game lasted 00:04:23 (10044 turns).

qw the Cleaver (Formicid Cinder Acolyte)           Turns: 10044, Time: 00:04:23

Health: -7/87      AC: 11    Str: 22 (23) XL:     11   Next: 22%
Magic:  0/12       EV: 11    Int: 13 (14) God:    Ignis [......]
Gold:   181        SH:  0    Dex:  6 (7)  Spells: 12/12 levels left

rFire   + . .      SeeInvis +   Y - +1 battleaxe (flame)
rCold   . . .      Faith    .   (no shield)
rNeg    . . .      Spirit   +   j - +0 plate armour
rPois   .          Reflect  .   (helmet unavailable)
rElec   .          Harm     .   (no cloak)
rCorr   .          Rampage  .   f - +2 pair of gloves
Will    +....                   (no boots)
Stlth   ..........              n - amulet of guardian spirit
HPRegen 0.24/turn               e - +4 ring of evasion
MPRegen 0.13/turn               a - +4 ring of protection

@: corroded, fiery-armoured
A: permanent stasis, dig shafts and tunnels, antennae 3, four strong arms,
clumsy 1, deterioration 1
a: Dig, Shaft Self, Renounce Religion, Rising Flame


You were on level 8 of the Dungeon.
You worshipped Ignis.
Ignis was noncommittal.
You visited 1 branch of the dungeon, and saw 8 of its levels.

You collected 534 gold pieces.
You spent 353 gold pieces at shops.


Innate Abilities, Weirdness & Mutations

You cannot be hasted, slowed, berserked, paralysed or teleported.
You can dig through walls and to a lower floor.
You have a pair of large antennae on your head. (SInv)
Your four strong arms can wield two-handed weapons with a shield.
You are clumsy. (Dex -2)
Your body sometimes deteriorates upon taking damage.


   Skills:
 + Level 8.6 Fighting
 - Level 13.0 Axes
 - Level 2.0 Throwing
 - Level 7.6 Armour
 - Level 1.0 Dodging
 - Level 1.1 Spellcasting
 - Level 3.0 Fire Magic


You had 12 spell levels left.
You didn't know any spells.
Your spell library contained the following spells:

 Spells                   Type           Power      Damage    Failure   Level
 Scorch                   Fire           16%        2d6       89%         2

Inventory:

Hand Weapons
 Y - a +1 battleaxe of flaming (weapon)
Missiles
 g - 3 boomerangs (quivered)
Armour
 f - a +2 pair of gloves (worn)
 j - a +0 plate armour (worn)
Jewellery
 a - a +4 ring of protection (right hand)
 e - a +4 ring of evasion (left hand)
 n - an amulet of guardian spirit (around neck)
Scrolls
 d - a scroll of identify
 k - a scroll of magic mapping {unknown}
Potions
 b - a potion of lignification {unknown}
 c - 5 potions of curing
 h - 2 potions of mutation
 i - a potion of might

Dungeon Overview and Level Annotations

Branches:
Dungeon (8/15)             Temple (0/1) D:7
   Lair: D:8-11

Altars:
Cheibriados
Hepliaklqana
Makhleb
Nemelex Xobeh
Uskayaw
Vehumet
Wu Jian
The Shining One

Shops:
D:3 (   D:7 (


Message History

Moving in this stuff is going to be slow.
The oklob plant spits acid at you.
The splash of acid hits you but does no damage.
The acid corrodes you!
10034 ||| INVOKING Fiery Armour.
A protective cloak of flame settles atop you.
You can no longer armour yourself in flame.
You can no longer call a swarm of foxfires against your foes.
The oklob plant spits acid at you.
The splash of acid hits you but does no damage.
The oklob plant spits acid at you. The splash of acid hits you!
The acid corrodes you! The oklob sapling spits acid at you.
The splash of acid hits you!! The acid corrodes you!
The oklob plant spits acid at you. The splash of acid hits you.
The acid corrodes you! The oklob plant spits acid at you.
The splash of acid hits you! The acid corrodes you!
You enter the shallow water.
Moving in this stuff is going to be slow.
You slash the oklob sapling! You burn the oklob sapling.
The oklob sapling is heavily damaged.
You hit the oklob sapling. You burn the oklob sapling.
The oklob sapling is severely damaged.
The oklob sapling spits acid at you. The splash of acid hits you!!
Your unstable footing causes you to fumble your attack.
The oklob sapling spits acid at you. The splash of acid hits you!
The oklob plant spits acid at you. The splash of acid misses you.
The splash of acid hits the plant!
The plant begins to die.
You slash the oklob sapling! You burn the oklob sapling.
You destroy the oklob sapling!
The oklob plant spits acid at you. The splash of acid hits you!
Your body deteriorates!
You feel clumsy. The oklob plant spits acid at you.
The splash of acid hits you!
You die...

.##.~~~7...# { 7...#
####.~~~~... 77#.#
##~~~~?.. #.# ~~~~...
#.# 7~~~... #.# 7~~#+#
#.# ~77~7777777#.#
777~~~~7~P.7#.#
7~~~~~~.~~@7#.#
7~~~~~~~~.~7#.#
####77~P7~~~~~~.77#.##
....7 7 7~~~~P~~7<...#
##..77( 7~~~~~~77.##.#
....7.7..7~~~~77#.##.#
##..7~777777.~77..##%#
.#..7~~~....7777####.#
......~~......P......#


You could see an oklob plant.

Vanquished Creatures
  3 two-headed ogres
  Pikel (D:8)
  A troll (D:6)
  A hornet (D:7)
  Prince Ribbit (D:7)
  8 yaks (D:8)
  A wyvern (D:8)
  A shadow (D:7)
  A water moccasin (D:8)
  2 orc warriors
  3 ice beasts
  2 sky beasts
  2 ogres
  3 lemures (D:8)
  2 phantoms
  A kobold brigand (D:6)
  A bullfrog (D:8)
  3 scorpions
  6 killer bees (D:7)
  An oklob sapling (D:8)
  A howler monkey (D:5)
  4 hounds
  2 orc priests
  An iron imp (D:8)
  4 iguanas
  6 orc wizards
  7 adders
  A shadow imp (D:6)
  A white imp (D:4)
  3 ufetubi (D:5)
  3 worms
  3 dart slugs
  24 orcs
  13 endoplasms
  7 giant cockroaches
  9 goblins
  4 hobgoblins
  9 jackals
  2 quokkas
  15 ball pythons
  5 bats
  6 frilled lizards
  4 kobolds
  5 rats
183 creatures vanquished.

Vanquished Creatures (others)
  9 plants
9 creatures vanquished.

Grand Total: 192 creatures vanquished

Notes
Turn   | Place    | Note
-------+----------+-------------------------------------------
     0 | D:1      | qw the Formicid Cinder Acolyte began the quest for the Orb.
     0 | D:1      | Reached XP level 1. HP: 18/18 MP: 2/2
     0 | D:1      | 0 ||| qw: Version: 0.1-a-102-g441f92d
     0 | D:1      | 0 ||| qw: Game counter: 5171
     0 | D:1      | 0 ||| qw: Always use a shield: true
     0 | D:1      | 0 ||| qw: God list: Okawaru
     0 | D:1      | 0 ||| qw: Allow faded altars: false
     0 | D:1      | 0 ||| qw: Do Orc after D:15 true
     0 | D:1      | 0 ||| qw: Do second Lair branch before Depths: true
     0 | D:1      | 0 ||| qw: Lair rune preference: random
     0 | D:1      | 0 ||| qw: Plans: Normal
     0 | D:1      | 0 ||| PLANNING D:1-11
   255 | D:1      | Reached XP level 2. HP: 24/24 MP: 3/3
   257 | D:1      | 257 ||| Stepping ~*~*~tactically~*~*~ (hiding).
   300 | D:1      | 300 ||| INVOKING Fiery Armour.
   328 | D:1      | 328 ||| Stepping ~*~*~tactically~*~*~ (stealth).
   334 | D:1      | 334 ||| Stepping ~*~*~tactically~*~*~ (stealth).
   341 | D:1      | 341 ||| Stepping ~*~*~tactically~*~*~ (stealth).
   517 | D:1      | Reached skill level 4 in Axes
   517 | D:1      | Reached XP level 3. HP: 29/29 MP: 4/4
   621 | D:1      | 621 ||| INVOKING Fiery Armour.
   630 | D:1      | Reached skill level 1 in Dodging
  1119 | D:1      | 1119 ||| READING scroll labelled USUIH VEKIUST.
  1120 | D:1      | 1120 ||| READING 2 scrolls labelled VYXE MUTOT.
  1121 | D:1      | 1121 ||| READING scroll labelled TIARGH CIUFIX.
  1258 | D:1      | 1258 ||| READING scroll labelled QIXILIVVUR.
  1271 | D:1      | 1271 ||| READING scroll labelled YNUAC YRRO.
  1272 | D:1      | 1272 ||| READING scroll labelled UVEMO YNOMUROSMUS.
  1364 | D:2      | Reached XP level 4. HP: 27/35 MP: 5/5
  1915 | D:2      | 1915 ||| UPGRADING to +1 leather armour of fire resistance.
  1925 | D:2      | 1925 ||| DROPPING +0 robe.
  1926 | D:2      | 1926 ||| UPGRADING to +4 ring of evasion.
  1927 | D:2      | 1927 ||| DROPPING +6 ring of intelligence.
  1928 | D:2      | 1928 ||| DRINKING 3 emerald potions.
  1928 | D:2      | Gained mutation: Your body sometimes deteriorates upon
                  | taking damage. [potion of mutation]
  1928 | D:2      | Gained mutation: You are clumsy. (Dex -2) [potion of
                  | mutation]
  1928 | D:2      | Gained mutation: You are weak. (Str -2) [potion of
                  | mutation]
  1928 | D:2      | Lost mutation: You are weak. (Str -2) [potion of mutation]
  1965 | D:3      | Found a hazy altar of Hepliaklqana.
  2277 | D:3      | 2277 ||| Stepping ~*~*~tactically~*~*~ (hiding).
  2576 | D:3      | Found Hilaunau's Weapon Emporium.
  2584 | D:3      | 2584 ||| BUYING +2 flail of protection (162 gold).
  2584 | D:3      | Bought a +2 flail of protection for 162 gold pieces
  2584 | D:3      | 2584 ||| DROPPING +0 whip.
  2678 | D:3      | 2678 ||| UPGRADING to amulet of guardian spirit.
  2683 | D:3      | 2683 ||| UPGRADING to ring of resist corrosion.
  2684 | D:3      | 2684 ||| DROPPING ring of magical power.
  2685 | D:3      | 2685 ||| UPGRADING to +6 ring of dexterity.
  2687 | D:3      | 2687 ||| DROPPING ring of resist corrosion.
  2688 | D:3      | 2688 ||| READING 2 scrolls labelled RYTANG KYGIRRE.
  2689 | D:3      | 2689 ||| READING scroll labelled POCZOENOINT.
  2690 | D:3      | 2690 ||| DROPPING scroll of amnesia.
  2727 | D:4      | Reached skill level 5 in Axes
  2731 | D:4      | Identified the +1 short sword "Ittui" {antimagic, rElec
                  | Int+2}
  2752 | D:4      | Found a sparkling altar of Nemelex Xobeh.
  2793 | D:4      | 2793 ||| Stepping ~*~*~tactically~*~*~ (stealth).
  2795 | D:4      | 2795 ||| Stepping ~*~*~tactically~*~*~ (hiding).
  2798 | D:4      | 2798 ||| Stepping ~*~*~tactically~*~*~ (hiding).
  2807 | D:4      | 2807 ||| INVOKING Fiery Armour.
  2810 | D:4      | Reached XP level 5. HP: 13/41 MP: 2/6
  2948 | D:4      | 2948 ||| Stepping ~*~*~tactically~*~*~ (stealth).
  3130 | D:4      | 3130 ||| Stepping ~*~*~tactically~*~*~ (hiding).
  3132 | D:4      | 3132 ||| Stepping ~*~*~tactically~*~*~ (hiding).
  3263 | D:4      | Noticed a phantom
  3274 | D:4      | Killed a phantom
  3275 | D:4      | Reached skill level 6 in Axes
  3275 | D:4      | Reached XP level 6. HP: 40/47 MP: 4/7
  3292 | D:4      | 3292 ||| Stepping ~*~*~tactically~*~*~ (stealth).
  3294 | D:4      | 3294 ||| Stepping ~*~*~tactically~*~*~ (stealth).
  3335 | D:4      | Found a snail-covered altar of Cheibriados.
  3347 | D:4      | 3347 ||| Stepping ~*~*~tactically~*~*~ (stealth).
  3703 | D:4      | 3703 ||| UPGRADING to +0 chain mail.
  3713 | D:4      | 3713 ||| DROPPING +1 leather armour of fire resistance.
  3714 | D:4      | 3714 ||| UPGRADING to +4 ring of protection.
  3716 | D:4      | 3716 ||| DROPPING +6 ring of dexterity.
  3717 | D:4      | 3717 ||| READING scroll labelled KES ODANORAT.
  3718 | D:4      | 3718 ||| READING scroll labelled UZYNTU DEUB DEWNA.
  3819 | D:4      | 3819 ||| READING 2 scrolls of identify.
  3819 | D:4      | 3819 ||| IDENTIFYING bubbling green potion
  3843 | D:5      | Entered Level 5 of the Dungeon
  3844 | D:5      | 3844 ||| PLANNING OSSUARY
  3912 | D:5      | Reached skill level 1 in Armour
  3931 | D:5      | 3931 ||| SWAPPING to +0 war axe.
  3932 | D:5      | 3932 ||| DROPPING +0 spectral hand axe.
  4001 | D:5      | Reached XP level 7. HP: 34/54 MP: 6/8
  4244 | D:5      | Reached skill level 7 in Axes
  4458 | D:5      | 4458 ||| INVOKING Fiery Armour.
  4464 | D:5      | Reached skill level 1 in Throwing
  4470 | D:5      | Noticed a two-headed ogre
  4476 | D:5      | HP: 13/54 [two-headed ogre/+0 giant spiked club (6)]
  4478 | D:5      | Killed a two-headed ogre
  4479 | D:5      | Reached skill level 9 in Axes
  4479 | D:5      | Reached XP level 8. HP: 15/60 MP: 2/9
  4525 | D:5      | 4525 ||| FLEEEEING.
  4569 | D:5      | 4569 ||| RIP OSSUARY
  4584 | D:5      | 4584 ||| PLANNING D:1-11
  4593 | D:5      | 4593 ||| INVOKING Fiery Armour.
  4598 | D:5      | Reached skill level 3 in Armour
  4899 | D:5      | Found an ornate altar of the Wu Jian Council.
  5082 | D:5      | Found a radiant altar of Vehumet.
  5384 | D:5      | 5384 ||| READING scroll labelled DOETHAT TAILAYCE.
  5385 | D:5      | 5385 ||| DRINKING 2 grey potions.
  5386 | D:5      | 5386 ||| DROPPING potion of brilliance.
  5416 | D:6      | 5416 ||| Stepping ~*~*~tactically~*~*~ (stealth).
  5425 | D:6      | 5425 ||| Stepping ~*~*~tactically~*~*~ (stealth).
  5432 | D:6      | Reached XP level 9. HP: 33/66 MP: 7/10
  5432 | D:6      | 5432 ||| INVOKING Fiery Armour.
  5880 | D:6      | Identified the +0 ring mail of the Farmer {rC- Will+ Dex+2
                  | Stlth+}
  5982 | D:6      | Noticed a two-headed ogre
  5983 | D:6      | Noticed a troll
  5984 | D:6      | 5984 ||| INVOKING Fiery Armour.
  5993 | D:6      | Killed a two-headed ogre
  5994 | D:6      | 5994 ||| FLEEEEING.
  5995 | D:6      | 5995 ||| FLEEEEING.
  5996 | D:6      | 5996 ||| FLEEEEING.
  5997 | D:6      | 5997 ||| FLEEEEING.
  5998 | D:6      | 5998 ||| FLEEEEING.
  5999 | D:6      | 5999 ||| FLEEEEING.
  6000 | D:6      | 6000 ||| FLEEEEING.
  6001 | D:6      | 6001 ||| FLEEEEING.
  6002 | D:6      | 6002 ||| FLEEEEING.
  6003 | D:6      | 6003 ||| FLEEEEING.
  6004 | D:6      | 6004 ||| FLEEEEING.
  6005 | D:6      | 6005 ||| FLEEEEING.
  6006 | D:6      | 6006 ||| FLEEEEING.
  6007 | D:6      | 6007 ||| FLEEEEING.
  6008 | D:6      | 6008 ||| FLEEEEING.
  6009 | D:6      | 6009 ||| FLEEEEING.
  6010 | D:6      | 6010 ||| FLEEEEING.
  6011 | D:6      | 6011 ||| FLEEEEING.
  6012 | D:6      | 6012 ||| FLEEEEING.
  6013 | D:6      | 6013 ||| FLEEEEING.
  6014 | D:6      | 6014 ||| FLEEEEING.
  6015 | D:6      | 6015 ||| FLEEEEING.
  6016 | D:6      | 6016 ||| FLEEEEING.
  6017 | D:6      | 6017 ||| FLEEEEING.
  6018 | D:6      | 6018 ||| FLEEEEING.
  6019 | D:6      | 6019 ||| FLEEEEING.
  6020 | D:6      | 6020 ||| FLEEEEING.
  6021 | D:6      | 6021 ||| FLEEEEING.
  6022 | D:6      | 6022 ||| FLEEEEING.
  6023 | D:6      | 6023 ||| FLEEEEING.
  6024 | D:6      | 6024 ||| FLEEEEING.
  6025 | D:6      | 6025 ||| FLEEEEING.
  6026 | D:6      | 6026 ||| FLEEEEING.
  6027 | D:6      | 6027 ||| FLEEEEING.
  6028 | D:6      | 6028 ||| FLEEEEING.
  6029 | D:6      | 6029 ||| FLEEEEING.
  6030 | D:6      | 6030 ||| FLEEEEING.
  6031 | D:6      | 6031 ||| FLEEEEING.
  6032 | D:6      | 6032 ||| FLEEEEING.
  6033 | D:6      | 6033 ||| FLEEEEING.
  6034 | D:6      | 6034 ||| FLEEEEING.
  6035 | D:6      | 6035 ||| FLEEEEING.
  6036 | D:6      | 6036 ||| FLEEEEING.
  6038 | D:6      | 6038 ||| FLEEEEING.
  6039 | D:6      | 6039 ||| FLEEEEING.
  6040 | D:6      | 6040 ||| FLEEEEING.
  6041 | D:6      | 6041 ||| STAIRDANCE
  6213 | D:5      | 6213 ||| UPGRADING to +2 pair of gloves.
  6218 | D:5      | 6218 ||| DROPPING +0 ring mail of the Farmer {rC- Will+
                  | Dex+2 Stlth+}.
  6228 | D:6      | 6228 ||| INVOKING Fiery Armour.
  6230 | D:6      | Killed a troll
  6231 | D:6      | 6231 ||| STAIRDANCE
  6978 | D:6      | 6978 ||| READING scroll labelled ANGECS GE QITO.
  6979 | D:6      | 6979 ||| READING 2 scrolls of identify.
  6979 | D:6      | 6979 ||| IDENTIFYING fizzy white potion
  6980 | D:6      | 6980 ||| Stepping randomly (stuck).
  6981 | D:6      | 6981 ||| Stepping ~*~*~tactically~*~*~ (cloud).
  7062 | D:7      | 7062 ||| STAIRDANCE
  7069 | D:7      | Noticed Prince Ribbit
  7070 | D:7      | 7070 ||| STAIRDANCE
  7079 | D:6      | Reached skill level 10 in Axes
  7092 | D:7      | Killed Prince Ribbit
  7093 | D:7      | 7093 ||| STAIRDANCE
  7260 | D:7      | Reached XP level 10. HP: 59/80 MP: 9/11
  7370 | D:7      | 7370 ||| Stepping ~*~*~tactically~*~*~ (hiding).
  7460 | D:7      | 7460 ||| Stepping ~*~*~tactically~*~*~ (stealth).
  7472 | D:7      | Reached skill level 11 in Axes
  7505 | D:7      | 7505 ||| Stepping ~*~*~tactically~*~*~ (stealth).
  7510 | D:7      | Noticed a five-headed hydra
  7511 | D:7      | 7511 ||| SWAPPING to +0 battleaxe.
  7512 | D:7      | Found Wymep's Hydra Hut.
  7529 | D:7      | 7529 ||| DROPPING +0 war axe.
  7536 | D:7      | 7536 ||| BUYING +0 battleaxe of flaming (191 gold).
  7536 | D:7      | Bought a +0 battleaxe of flaming for 191 gold pieces
  7536 | D:7      | 7536 ||| SHOPLISTING +2 battleaxe of flaming (331 gold,
                  | have 118).
  7536 | D:7      | 7536 ||| SWAPPING to +0 battleaxe of flaming.
  7537 | D:7      | 7537 ||| DROPPING +0 battleaxe.
  7538 | D:7      | 7538 ||| DROPPING +2 flail of protection.
  7733 | D:7      | 7733 ||| Stepping ~*~*~tactically~*~*~ (stealth).
  7736 | D:7      | 7736 ||| Stepping ~*~*~tactically~*~*~ (stealth).
  7755 | D:7      | 7755 ||| Stepping ~*~*~tactically~*~*~ (stealth).
  7784 | D:7      | Found a staircase to the Ecumenical Temple.
  7827 | D:7      | 7827 ||| INVOKING Fiery Armour.
  8102 | D:7      | 8102 ||| Stepping ~*~*~tactically~*~*~ (stealth).
  8119 | D:7      | Reached skill level 12 in Axes
  8170 | D:7      | 8170 ||| READING scroll of enchant weapon.
  8170 | D:7      | 8170 ||| ENCHANTING +0 battleaxe of flaming.
  8313 | D:7      | 8313 ||| UPGRADING to +0 plate armour.
  8323 | D:7      | 8323 ||| DROPPING +0 chain mail.
  8324 | D:7      | 8324 ||| READING 2 scrolls of identify.
  8324 | D:7      | 8324 ||| IDENTIFYING orange potion
  8325 | D:7      | 8325 ||| DROPPING potion of ambrosia.
  8338 | D:8      | Noticed a +0 short sword
  8339 | D:8      | Noticed a +0 dagger
  8340 | D:8      | Noticed a +0 spear
  8343 | D:8      | Noticed a two-headed ogre
  8351 | D:8      | 8351 ||| INVOKING Fiery Armour.
  8351 | D:8      | Killed a two-headed ogre
  8352 | D:8      | Reached skill level 6 in Armour
  8580 | D:8      | Noticed a +0 falchion
  8580 | D:8      | Noticed a +0 spear
  8580 | D:8      | Noticed a +0 short sword
  8643 | D:8      | Found a hide-covered altar of Uskayaw.
  8645 | D:8      | Noticed a +0 dagger
  8646 | D:8      | Noticed a +0 falchion
  8712 | D:8      | Noticed Pikel
  8713 | D:8      | 8713 ||| Stepping ~*~*~tactically~*~*~ (stealth).
  8715 | D:8      | 8715 ||| Stepping ~*~*~tactically~*~*~ (stealth).
  8727 | D:8      | Killed Pikel
  8819 | D:8      | 8819 ||| Stepping ~*~*~tactically~*~*~ (stealth).
  8826 | D:8      | Found a burning altar of Makhleb.
  8888 | D:8      | 8888 ||| Stepping ~*~*~tactically~*~*~ (stealth).
  8898 | D:8      | Reached XP level 11. HP: 57/86 MP: 7/12
  9158 | D:8      | 9158 ||| Stepping ~*~*~tactically~*~*~ (stealth).
  9190 | D:8      | Reached skill level 13 in Axes
  9195 | D:8      | 9195 ||| FLEEEEING.
  9196 | D:8      | 9196 ||| FLEEEEING.
  9197 | D:8      | 9197 ||| FLEEEEING.
  9198 | D:8      | 9198 ||| FLEEEEING.
  9199 | D:8      | 9199 ||| FLEEEEING.
  9200 | D:8      | 9200 ||| FLEEEEING.
  9201 | D:8      | 9201 ||| FLEEEEING.
  9202 | D:8      | 9202 ||| FLEEEEING.
  9203 | D:8      | 9203 ||| FLEEEEING.
  9204 | D:8      | 9204 ||| FLEEEEING.
  9205 | D:8      | 9205 ||| FLEEEEING.
  9206 | D:8      | 9206 ||| FLEEEEING.
  9207 | D:8      | 9207 ||| FLEEEEING.
  9208 | D:8      | 9208 ||| FLEEEEING.
  9209 | D:8      | 9209 ||| FLEEEEING.
  9210 | D:8      | 9210 ||| FLEEEEING.
  9211 | D:8      | 9211 ||| FLEEEEING.
  9212 | D:8      | 9212 ||| FLEEEEING.
  9213 | D:8      | 9213 ||| STAIRDANCE
  9256 | D:7      | 9256 ||| READING scroll labelled OMNYBA HAOKE.
  9282 | D:8      | 9282 ||| FLEEEEING.
  9283 | D:8      | 9283 ||| STAIRDANCE
  9450 | D:8      | 9450 ||| Stepping ~*~*~tactically~*~*~ (stealth).
  9455 | D:8      | 9455 ||| Stepping ~*~*~tactically~*~*~ (stealth).
  9458 | D:8      | 9458 ||| Stepping ~*~*~tactically~*~*~ (stealth).
  9539 | D:8      | Found a glowing golden altar of the Shining One.
  9645 | D:8      | Noticed an oklob plant
  9646 | D:8      | 9646 ||| INVOKING Fiery Armour.
  9673 | D:8      | 9673 ||| FLEEEEING.
  9674 | D:8      | 9674 ||| FLEEEEING.
  9786 | D:8      | 9786 ||| FLEEEEING.
  9787 | D:8      | 9787 ||| FLEEEEING.
  9866 | D:8      | 9866 ||| FLEEEEING.
  9867 | D:8      | 9867 ||| FLEEEEING.
  9868 | D:8      | 9868 ||| FLEEEEING.
  9977 | D:8      | 9977 ||| FLEEEEING.
  9978 | D:8      | 9978 ||| FLEEEEING.
 10034 | D:8      | 10034 ||| INVOKING Fiery Armour.
 10041 | D:8      | HP: 15/87 [oklob sapling/splash of acid (14)]
 10043 | D:8      | HP: 6/87 [oklob plant/splash of acid (9)]
 10044 | D:8      | Killed from afar by an oklob plant

Levels and vault maps discovered:
D:1:      dpeg_arrival_concentric_ovals, layout_basic
D:2:      layout_basic, chequers_hall_statues_wall_a
D:3:      layout_loops_ring, nicolae_hepliaklqana_hazy_memory, serial_shops,
          shop
D:4:      layout_basic, nemelex_spade_bored_becter,
          mainiacjoe_overflow_surrounded_room
D:5:      minmay_thick_lines, layout_basic, overflow_temple_1_default,
          nicolae_wu_jian_glorious_leap, enter_ossuary_5,
          eino_small_chamber_without_monster
D:6:      layout_basic, minmay_misc_feat_iff
D:7:      layout_loops_cross, minmay_temple_entry_junction,
          minmay_misc_feat_tower, doesnt_shop_hydraphobe, uniq_prince_ribbit1
D:8:      layout_loops_cross, nicolae_overflow_hidden_temple,
          makhleb_grotto_becter, zin_treasury, nicolae_uskayaw_en_pointe,
          introduction_to_nature_2, uniq_pikel

Skill      XL: |  1  2  3  4  5  6  7  8  9 10 11 |
---------------+----------------------------------+-----
Axes           | 4 5 6 9 10 12 13 | 13.0
Dodging        | 1 |  1.0
Fighting       | 4 7 8 |  8.6
Armour         | 2 3 4 7 |  7.6
Throwing       | 1 2 |  2.0
Spellcasting   | |  1.1
Fire Magic     | |  3.0

Action                   |  1- 3 |  4- 6 |  7- 9 | 10-12 || total
-------------------------+-------+-------+-------+-------++-------
Melee: Hand axe          |    57 |    84 |       |       ||   141
       War axe           |       |    12 |   156 |    15 ||   183
       Punch             |       |       |     1 |     3 ||     4
       Battleaxe         |       |       |       |   193 ||   193
Throw: Boomerang         |    25 |    29 |    30 |    26 ||   110
Invok: Fiery Armour      |     2 |     1 |     5 |     4 ||    12
  Use: Scroll            |     6 |     5 |     3 |     3 ||    17
       Potion            |       |     1 |     1 |       ||     2
Armor: Robe              |    20 |     1 |       |       ||    21
       Leather armour    |       |     5 |       |       ||     5
       Chain mail        |       |    16 |    77 |    41 ||   134
       Plate armour      |       |       |       |    48 ||    48
Dodge: Dodged            |    29 |    39 |    92 |    96 ||   256

Table legend:
 A = Non-vault XP
 B = Vault XP
 C = Vault XP percentage of total XP
 D = Non-vault monster count
 E = Vault monster count
 F = Vault count percentage of total count
                 A         B        C        D         E       F
            +---------+---------+-------+---------+---------+-------
      Total |    7136 |    2383 |  25.0 |     156 |      24 |  13.3
            +---------+---------+-------+---------+---------+-------
        D:1 |      57 |       0 |   0.0 |      33 |       0 |   0.0
        D:2 |      33 |       0 |   0.0 |      18 |       0 |   0.0
        D:3 |      35 |       0 |   0.0 |      11 |       0 |   0.0
        D:4 |     333 |       0 |   0.0 |      22 |       0 |   0.0
        D:5 |     236 |    1193 |  83.5 |      13 |       7 |  35.0
        D:6 |    1646 |       0 |   0.0 |      14 |       0 |   0.0
        D:7 |    1830 |     255 |  12.2 |      28 |       1 |   3.4
        D:8 |    2966 |     935 |  24.0 |      17 |      16 |  48.5
            +---------+---------+-------+---------+---------+-------
